 Dungeon Crawl Stone Soup version bcrawl-1.18.1 (webtiles) character file.

Game seed: 7074008864315341550

237 JackS81 the Cudgeler (level 5, -4/30 HPs)
             Began as a Skeleton Skald on Nov 9, 2019.
             Slain by an iguana (10 damage)
             ... on level 4 of the Dungeon.
             The game lasted 00:15:08 (4300 turns).

JackS81 the Cudgeler (Skeleton Skald)               Turns: 4300, Time: 00:15:09

Health: -4/30      AC:  5    Str: 17 (18) XL:     5   Next: 77%
Magic:  0/10       EV: 12    Int: 10 (11) God:
Gold:   328        SH:  0    Dex:  9      Spells: 3/10 levels left

rFire    . . .     SeeInvis .   k - +0 whip
rCold    + . .     Gourm    .   (no shield)
rNeg     + + +     Faith    +   b - +0 leather armour
rPois    ∞         Spirit   +   r - +2 hat
rElec    .         Reflect  .   (no cloak)
rCorr    .         Harm     .   (no gloves)
MR       .....                  (no boots)
Stlth    +.........             n - amulet of faith
HPRegen  0.10/turn              o - ring of wizardry
MPRegen  0.12/turn              (no ring)

@: no status effects
A: no food or potions, cold resistance 1, deterioration 1, negative energy
resistance 3, torment resistance, unbreathing, magic shield, sturdy frame 1,
spell healing
a: no special abilities


You were on level 4 of the Dungeon.
You were not hungry.

You visited 1 branch of the dungeon, and saw 4 of its levels.

You collected 328 gold pieces.

Inventory:

Hand Weapons
 a - a +0 mace
 d - a +2 spear of piercing
 k - a +0 whip (weapon)
 l - a cursed -3 dagger
 m - a +1 dagger of venom
Missiles
 c - 703 sling bullets
 e - 86 arrows
 g - 419 stones (quivered)
 p - 205 bolts
Armour
 b - a +0 leather armour (worn)
 r - a +2 hat (worn)
Jewellery
 n - an amulet of faith (around neck)
 o - a ring of wizardry (left hand)
Scrolls
 f - 2 scrolls of teleportation {unknown}
 h - 3 scrolls of enchant armour {unknown}
 i - 2 scrolls of remove curse {unknown}
 j - 4 scrolls of identify {unknown}
 q - a scroll of fog {unknown}


   Skills:
 - Level 2.0 Fighting
 * Level 6.9 Maces & Flails
 - Level 1.1 Armour
 - Level 2.0 Dodging
 + Level 1.1 Stealth
 + Level 3.3 Spellcasting
 + Level 3.5 Charms


You had 3 spell levels left.
You knew the following spells:

 Your Spells              Type           Power        Failure   Level  Hunger
a - Infusion              Chrm           #.......     2%          1    N/A
b - Spectral Weapon       Hex/Chrm       #.......     16%         3    N/A
c - Ozocubu's Armour      Chrm/Ice       #.......     16%         3    N/A

Your spell library contained the following spells:

 Spells                   Type           Power        Failure   Level  Hunger
 Song of Slaying          Chrm           #.......     4%          2    N/A
 Regeneration             Chrm/Necr      Unusable     N/A         3    N/A

Dungeon Overview and Level Annotations

Branches:
Dungeon (4/12)
 Temple: D:4-7

Altars:


Innate Abilities, Weirdness & Mutations

You do not eat or drink.
You are immune to poison.
Your flesh is cold resistant. (rC+)
Your body sometimes deteriorates upon taking damage.
You are immune to negative energy. (rN+++)
You are immune to unholy pain and torment.
You can survive without breathing.
When hurt, damage is shared between your health and your magic reserves.
Your movements are slightly less encumbered by armour. (ER -2)
Casting spells heals you.


Message History

Your spectral weapon shares its damage with you!
Your spectral weapon fades away.
* * * LOW HITPOINT WARNING * * *
The iguana hisses menacingly.
Casting: Spectral Weapon (safe; 16% risk of failure)
Confirm with . or Enter, or press ? or * to list all spells.
A cloud of ice covers your body!
You hit the iguana but do no damage.
The iguana is lightly wounded.
The iguana bites you.
* * * LOW HITPOINT WARNING * * *
The iguana is frozen.
The iguana is severely wounded.
You hit the iguana.
The iguana is almost dead.
Your icy armour evaporates.
You barely miss the iguana.
The iguana is almost dead.
The iguana bites you!
You die...

#.# #.# #.# #.#
#.# #.# #.# #.#
#@# #l# #.# #.#
################.#
.................#
##################


You could see an iguana.

Vanquished Creatures
  A crimson imp (D:4)
  An orc priest (D:3)
  A hound (D:4)
  An orc wizard (D:3)
  A worker ant (D:4)
  An adder (D:3)
  An ooze (D:2)
  An adder skeleton (D:4)
  A dart slug (D:2)
  2 worms (D:3)
  3 leopard geckos
  5 orcs (D:3)
  3 bats
  2 giant cockroaches
  5 hobgoblins
  8 jackals
  5 kobolds
  2 quokkas
  A ball python (D:2)
  2 frilled lizards (D:1)
  7 goblins
  A leopard gecko skeleton (D:3)
  7 rats
62 creatures vanquished.

Vanquished Creatures (others)
  2 spectral weapons (D:4)
2 creatures vanquished.

Grand Total: 64 creatures vanquished

Notes
Turn   | Place    | Note
-------+----------+-------------------------------------------
     0 | D:1      | JackS81 the Skeleton Skald began the quest for the Orb.
     0 | D:1      | Reached XP level 1. HP: 12/12 MP: 4/4
   378 | D:1      | Reached skill level 3 in Maces & Flails
   771 | D:1      | Reached XP level 2. HP: 14/17 MP: 0/6
  1204 | D:2      | Reached skill level 4 in Maces & Flails
  1425 | D:2      | Reached XP level 3. HP: 21/21 MP: 3/7
  2169 | D:3      | Learned a level 3 spell: Spectral Weapon
  2247 | D:3      | Learned a level 3 spell: Ozocubu's Armour
  2429 | D:3      | Reached skill level 5 in Maces & Flails
  2429 | D:3      | Reached XP level 4. HP: 13/26 MP: 2/8
  2712 | D:3      | Reached skill level 6 in Maces & Flails
  3265 | D:3      | Reached skill level 1 in Stealth
  3360 | D:3      | Reached XP level 5. HP: 27/30 MP: 2/9
  4257 | D:4      | HP: 1/30 [iguana (1)]
  4300 | D:4      | Slain by an iguana

Skill      XL: |  1  2  3  4 |
---------------+-------------+-----
Maces & Flails | 3 4 5 6 |  6.9
Stealth        | 1 |  1.1
Fighting       | |  2.0
Armour         | |  1.1
Dodging        | |  2.0
Spellcasting   | |  3.3
Charms         | |  3.5

Action                   |  1- 3 |  4- 6 || total
-------------------------+-------+-------++-------
Melee: Mace              |    94 |       ||    94
       Whip              |     6 |   100 ||   106
Throw: Stone             |    10 |     4 ||    14
 Cast: Infusion          |    27 |    11 ||    38
       Spectral Weapon   |     2 |     9 ||    11
       Ozocubu's Armour  |       |     6 ||     6
  Use: Scroll            |       |     1 ||     1
Armor: Leather armour    |    18 |    14 ||    32
Dodge: Dodged            |    68 |    57 ||   125
